 Dungeon Crawl Stone Soup version 0.30.0-30-g96aa6591b8 (webtiles) character file.

Game seed: 5297933892221476960

1661 Pepete the Thaumaturge (level 8, -7/34 (41) HPs)
             Began as a Deep Elf Conjurer on June 30, 2023.
             Mangled by a wight
             ... wielding a +0 battleaxe
              (13 damage)
             ... on level 6 of the Dungeon.
             The game lasted 00:40:54 (16583 turns).

Pepete the Thaumaturge (Deep Elf Conjurer)         Turns: 16583, Time: 00:40:55

HP:   -7/34 (41)    AC:  8    Str:  4    XL:     8   Next: 69%
MP:   0/20          EV: 14    Int: 26    God:
Gold: 335           SH:  0    Dex: 13    Spells: 15/23 levels left

rFire   . . .        b - staff of poison
rCold   . . .        (no shield)
rNeg    + . .        l - +2 robe {Archmagi}
rPois   +            q - +0 helmet
rElec   .            (no cloak)
rCorr   .            f - +2 pair of gloves
SInv    .            (no boots)
Will    .....        (no amulet)
Stlth   ++           h - ring of positive energy
HPRegen 0.25/turn    c - ring of wizardry
MPRegen 0.17/turn

%: wizardry (x1), archmagi
@: brilliant, about to teleport, heavily drained
A: low MP 1, sense surroundings 1
a: no special abilities


You were on level 6 of the Dungeon.
You visited 2 branches of the dungeon, and saw 8 of its levels.

You collected 335 gold pieces.

Inventory:

Missiles
 v - 55 stones
Armour
 f - a +2 pair of gloves (worn)
 l - a +2 robe of the Archmagi (worn)
 q - a +0 helmet (worn)
 r - a +0 hat
Magical Staves
 b - a staff of poison (weapon)
Jewellery
 c - a ring of wizardry (right hand)
 h - a ring of positive energy (left hand)
 i - a ring of fire
Wands
 a - a wand of mindburst (14)
 e - a wand of polymorph (11)
 p - a wand of quicksilver (7)
Scrolls
 d - 3 scrolls of immolation
 k - 2 scrolls of enchant weapon
 m - a scroll of amnesia
Potions
 n - 2 potions of attraction
 o - 2 potions of might


   Skills:
 + Level 3.3 Armour
 + Level 5.4 Dodging
 - Level 2.4 Stealth
 * Level 8.3 Spellcasting
 * Level 7.9 Conjurations
 + Level 4.0 Poison Magic


You had 15 spell levels left.
You knew the following spells:

 Your Spells              Type           Power      Damage    Failure   Level
a - Magic Dart            Conj           100%       1d8       1%          1
b - Fulminant Prism       Conj/Hex       31%        3d16      4%          4
c - Stone Arrow           Conj/Erth      100%       3d13      1%          3

Your spell library contained the following spells:

 Spells                   Type           Power      Damage    Failure   Level
 Searing Ray              Conj           100%       2d8       1%          2
 Dazzling Flash           Conj/Hex       100%       N/A       1%          3
 Sandblast                Erth           48%        2d12      2%          1
 Passwall                 Tmut/Erth      20%        N/A       3%          2
 Iskenderun's Mystic Bla  Conj/Tloc      63%        2d13      4%          4


Dungeon Overview and Level Annotations

Branches:
Dungeon (7/15)             Temple (1/1) D:6

Altars:
Ashenzari
Cheibriados
Dithmenos
Fedhas
Gozag
Hepliaklqana
Kikubaaqudgha
Makhleb
Nemelex Xobeh
Okawaru
Qazlal
Ru
Sif Muna
Trog
Uskayaw
Vehumet
Wu Jian
Xom
Yredelemnul
Zin
The Shining One


Innate Abilities, Weirdness & Mutations

Your magical capacity is low. (-10% MP)
You passively map a small area around you.


Message History

The wight barely misses you.
Casting: Magic Dart (safe; 1% risk of failure)
Confirm with . or Enter, or press ? or * to list all spells.
Aiming: Magic Dart (safe; 1% risk of failure)
Press: ? - help, Shift-Dir - straight line, f/p - wight
Aim: a wight, wielding a +0 battleaxe and wearing a +0 robe (moderately damaged, 100% to hit)
You feel a strong surge of power!
The magic dart hits the wight.
The wight is severely damaged.
The wight hits you with a +0 battleaxe! You partially resist.
You feel drained. The wight attacks as you move away!
The wight hits you with a +0 battleaxe. You partially resist.
You feel drained.
Casting: Magic Dart (safe; 1% risk of failure)
Confirm with . or Enter, or press ? or * to list all spells.
Aiming: Magic Dart (safe; 1% risk of failure)
Press: ? - help, Shift-Dir - straight line, f/p - wight
Aim: a wight, wielding a +0 battleaxe and wearing a +0 robe (heavily damaged, 100% to hit)
You feel a strong surge of power!
The magic dart hits the wight but does no damage.
The wight is heavily damaged.
The wight closely misses you. The wight attacks as you move away!
The wight hits you with a +0 battleaxe. You partially resist.
You feel drained. The wight attacks as you move away!
The wight hits you with a +0 battleaxe!
* * * LOW HITPOINT WARNING * * *
You partially resist.
You feel drained. The wight attacks as you move away!
The wight hits you but does no damage.
Casting: Magic Dart (safe; 1% risk of failure)
Confirm with . or Enter, or press ? or * to list all spells.
Aiming: Magic Dart (safe; 1% risk of failure)
Press: ? - help, Shift-Dir - straight line, f/p - wight
Aim: a wight, wielding a +0 battleaxe and wearing a +0 robe (heavily damaged, 100% to hit)
You feel a strong surge of power!
The magic dart hits the wight.
The wight is heavily damaged.
The wight hits you with a +0 battleaxe.
* * * LOW HITPOINT WARNING * * *
You partially resist.
You feel drained.
Okay, then.
As you read the scroll of teleportation, it crumbles to dust.
You feel strangely unstable. The wight hits you with a +0 battleaxe!
You die...

#### ...# ##.# ############
...# ######......>...# ##.#
#..........####.###
##.########.####.###........#
............# #.# ######.#.#
........###.# #z# ##.#.####
##........#.# #@# #.......#
....###.#.#.# #.# #.......#
...## #.#.#.# #.# #.......##
##.# #.#.#.####.# #.........
#.####...[....#.####
#.......##
##.......#####......#
#.......# #######..# #.####.#
#.......# ..#####..# #.# #.##
####..### #.##.....# #.# #..#
##.#


You could see a wight.

Vanquished Creatures
  2 water moccasins
  A black bear (D:4)
  2 centaurs (D:7)
  A scorpion (D:5)
  8 wights
  A howler monkey (D:5)
  A crimson imp (D:7)
  4 jellies
  3 orc priests
  5 hounds
  3 sleepcaps
  2 iguanas (D:5)
  An orc wizard (D:6)
  3 gnolls (D:3)
  3 adders
  A worm (D:2)
  3 dart slugs
  9 orcs
  3 ball pythons
  7 bats
  5 endoplasms
  2 giant cockroaches
  8 hobgoblins
  4 jackals (D:1)
  3 quokkas (D:3)
  3 frilled lizards
  3 goblins
  8 kobolds
  10 rats
  10 fulminant prisms
119 creatures vanquished.

Vanquished Creatures (others)
  27 fulminant prisms
27 creatures vanquished.

Grand Total: 146 creatures vanquished

Notes
Turn   | Place    | Note
-------+----------+-------------------------------------------
     0 | D:1      | Pepete the Deep Elf Conjurer began the quest for the Orb.
     0 | D:1      | Reached XP level 1. HP: 10/10 MP: 6/6
   351 | D:1      | Reached XP level 2. HP: 11/15 MP: 4/8
   972 | D:1      | Found a faded altar of an unknown god.
  1139 | D:1      | Reached XP level 3. HP: 19/19 MP: 8/10
  2067 | D:2      | Reached skill level 1 in Armour
  2341 | D:2      | Reached skill level 4 in Spellcasting
  2742 | D:2      | Reached skill level 5 in Conjurations
  3286 | D:3      | Reached XP level 4. HP: 24/24 MP: 10/12
  4183 | D:3      | Reached skill level 1 in Poison Magic
  4489 | D:3      | Reached XP level 5. HP: 28/28 MP: 8/13
  5056 | D:3      | Learned a level 4 spell: Fulminant Prism
  5635 | D:4      | Reached skill level 5 in Spellcasting
  5980 | D:4      | Noticed a black bear
  5990 | D:4      | Killed a black bear
  5991 | D:4      | Reached XP level 6. HP: 17/32 MP: 5/16
  6194 | D:5      | Entered Level 5 of the Dungeon
  6217 | D:5      | Noticed a water moccasin
  6337 | D:4      | Learned a level 3 spell: Stone Arrow
  7341 | D:5      | Noticed an ice beast
  7450 | D:4      | Gained mutation: Armour fits poorly on your strangely
                  | shaped body. [potion of mutation]
  7450 | D:4      | Gained mutation: Your magical capacity is low. (-10% MP)
                  | [potion of mutation]
  7450 | D:4      | Gained mutation: You are occasionally teleported next to
                  | monsters. [potion of mutation]
  7450 | D:4      | Gained mutation: Your flesh is cold resistant. (rC+)
                  | [potion of mutation]
  7451 | D:4      | Lost mutation: Armour fits poorly on your strangely shaped
                  | body. [potion of mutation]
  7451 | D:4      | Lost mutation: You are occasionally teleported next to
                  | monsters. [potion of mutation]
  7451 | D:4      | Lost mutation: Your flesh is cold resistant. (rC+) [potion
                  | of mutation]
  7451 | D:4      | Gained mutation: You are robust. (+10% HP) [potion of
                  | mutation]
  7451 | D:4      | Lost mutation: You are robust. (+10% HP) [potion of
                  | mutation]
  7451 | D:4      | Gained mutation: You passively map a small area around you.
                  | [potion of mutation]
  8214 | D:5      | Reached skill level 6 in Spellcasting
  8214 | D:5      | Reached XP level 7. HP: 34/36 MP: 4/16
  9399 | D:5      | an ogre changed into a hornet
  9399 | D:5      | Noticed a hornet
  9713 | D:6      | Found a blossoming altar of Fedhas.
  9766 | D:6      | Found a staircase to the Ecumenical Temple.
 10014 | Temple   | Entered the Ecumenical Temple
 10444 | Temple   | Became a worshipper of Vehumet
 10904 | D:6      | Reached skill level 7 in Spellcasting
 11428 | D:6      | Reached XP level 8. HP: 41/41 MP: 13/18
 12323 | D:5      | Reached skill level 5 in Dodging
 15368 | D:7      | Reached skill level 8 in Spellcasting
 16559 | D:7      | Fell from the grace of Vehumet
 16583 | D:6      | Mangled by a wight

Illustrated notes

Levels and vault maps discovered:
D:1:      lemuel_arrival_tunnels, layout_basic, ebering_ecumenical_altar_rust
D:2:      layout_basic
D:3:      layout_basic, wander_ebering_terrifying_dragon_lair
D:4:      layout_loops_ring, kennysheep_generic_room_5
D:5:      layout_basic, gup_sewer_entry_bubbles, chequers_serial_rivers_micro_d
D:6:      layout_loops_ring, fedhas_altar_3, minmay_temple_entry_water_ring,
          nrook_mini_backslash
D:7:      layout_rooms, serial_aquarium, aquarium_bridge_long_joined
          [aquarium_subvault_wall, aquarium_subvault_bridge,
          aquarium_subvault_bridge, aquarium_subvault_wall,
          aquarium_subvault_wall, aquarium_subvault_wall], aquarium_window_1,
          aquarium_window_1, aquarium_window_2, aquarium_view_2c,
          aquarium_pool_split, grunt_ministairs_8
Temple:   mainiacjoe_temple_big_plus

Skill      XL: |  1  2  3  4  5  6  7  8 |
---------------+-------------------------+-----
Armour         | 1 2 3 |  3.3
Spellcasting   | 4 5 6 7 8 |  8.3
Conjurations   | 5 6 7 |  7.9
Dodging        | 3 4 5 |  5.4
Poison Magic   | 1 2 3 4 |  4.0
Stealth        | |  2.4

Action                     |  1- 3 |  4- 6 |  7- 9 || total
---------------------------+-------+-------+-------++-------
   Cast: Magic Dart        |    95 |   110 |   152 ||   357
         Stone Arrow       |       |     1 |     4 ||     5
         Fulminant Prism   |       |       |    38 ||    38
  Evoke: Wand              |       |       |     5 ||     5
    Use: Potion            |     6 |     5 |     7 ||    18
         Scroll            |     3 |     6 |     8 ||    17
 Armour: Robe              |     6 |    15 |    15 ||    36
  Dodge: Dodged            |     9 |    23 |    50 ||    82
